 Dungeon Crawl Stone Soup version 0.30-a0-170-g85af917532 (webtiles) character file.

Game seed: 2902625621660463800

937 KennySheep the Digger (level 8, -1/91 HPs)
             Began as a Barachi Earth Elementalist on Oct 1, 2022.
             Was an Initiate of Gozag.
             Slain by an orc warrior
             ... wielding a +0 glaive
              (13 damage)
             ... on level 5 of the Dungeon.
             The game lasted 00:19:19 (5859 turns).

KennySheep the Digger (Barachi Earth Elementalist)  Turns: 5859, Time: 00:19:19

Health: -1/91      AC: 10    Str: 10    XL:     8   Next: 12%
Magic:  0/15       EV: 12    Int: 23    God:    Gozag
Gold:   578        SH:  0    Dex: 10    Spells: 8/16 levels left

rFire   + . .      SeeInvis .    x - +1 dagger (speed)
rCold   . . .      Faith    .    (no shield)
rNeg    + . .      Spirit   +    u - +5 robe of the Equator {rCorr}
rPois   .          Reflect  .    (no helmet)
rElec   .          Harm     .    g - +2 cloak
rCorr   +          Rampage  .    (no gloves)
Will    .....                    (no boots)
Stlth   ..........               q - amulet "Ekadae Siomo" {Spirit rF+ Int+5 Dex-2}
HPRegen 0.25/turn                j - ring of positive energy
MPRegen 0.14/turn                o - ring of resist corrosion

@: berserking (expiring), quick
A: amphibious, slowness 1, strong legs 1, +LOS
a: Hop, Renounce Religion, Potion Petition, Call Merchant, Bribe Branch


You were on level 5 of the Dungeon.
You worshipped Gozag.
Gozag was pleased with you.
You visited 1 branch of the dungeon, and saw 6 of its levels.

You collected 578 gold pieces.

Inventory:

Hand Weapons
 x - a +1 dagger of speed (weapon)
Armour
 a - a +0 robe
 e - a +3 leather armour of cold resistance
 g - a +2 cloak (worn)
 u - the +5 robe of the Equator (worn) {rCorr}
   (You found it on level 5 of the Dungeon)

   rCorr:     It protects you from acid and corrosion.
Magical Staves
 l - a staff of conjuration
Jewellery
 j - a ring of positive energy (left hand)
 k - a ring of fire
 o - a ring of resist corrosion (right hand)
 q - the amulet "Ekadae Siomo" (around neck) {Spirit rF+ Int+5 Dex-2}
   (You found it on level 4 of the Dungeon)

   [amulet of guardian spirit]

   It causes incoming damage to be divided between your reserves of health and
   magic.
   Int:       It affects your intelligence (+5).
   Dex:       It affects your dexterity (-2).
   rF:        It protects you from fire.
 r - a ring of positive energy
Scrolls
 c - 2 scrolls of magic mapping
 h - a scroll of summoning
 n - a scroll of vulnerability
 p - a scroll of blinking
 v - a scroll of enchant armour
Potions
 b - a potion of magic
 f - 3 potions of curing
 i - a potion of lignification {unknown}
 s - 2 potions of mutation {unknown}
 t - a potion of ambrosia {unknown}
 w - 2 potions of degeneration {unknown}


   Skills:
 + Level 4.6 Fighting
 + Level 2.3 Dodging
 - Level 1.7 Stealth
 * Level 0.8 Unarmed Combat
 + Level 4.7 Spellcasting
 - Level 1.6 Translocations
 * Level 2.2 Transmutations
 - Level 6.8 Earth Magic


You had 8 spell levels left.
You knew the following spells:

 Your Spells              Type           Power      Damage    Failure   Level
a - Sandblast             Erth           72%        2d16      1%          1
b - Passwall              Tmut/Erth      21%        N/A       2%          2
c - Stone Arrow           Conj/Erth      42%        3d9       7%          3
d - Blink                 Tloc           26%        N/A       8%          2

Your spell library contained the following spells:

 Spells                   Type           Power      Damage    Failure   Level
 Momentum Strike          Conj/Tloc      18%        3d8       11%         2
 Lesser Beckoning         Tloc           13%        N/A       14%         3
 Petrify                  Tmut/Erth      26%        N/A       16%         4
 Dragon Form              Tmut           7%         N/A       100%        7


Dungeon Overview and Level Annotations

Branches:
Dungeon (6/15)             Temple (0/1) D:4

Altars:
Elyvilon
Fedhas
Gozag
Makhleb
Uskayaw
Xom
Zin


Innate Abilities, Weirdness & Mutations

You are amphibious.
You cover ground slowly.
You can hop short distances.
You have an extended range of vision and can be seen from far away.


Message History

The orc warrior is moderately wounded.
The orc warrior barely misses you.
You hit the orc warrior.
The orc warrior is moderately wounded.
You barely miss the orc warrior.
The orc warrior is moderately wounded.
The orc warrior misses you.
You hit the orc warrior.
The orc warrior is heavily wounded.
You barely miss the orc warrior.
The orc warrior is heavily wounded.
You hit the orc warrior.
The orc warrior is heavily wounded.
The orc warrior hits you with a +0 glaive!
* * * LOW HITPOINT WARNING * * *
You closely miss the orc warrior.
The orc warrior is heavily wounded.
You hit the orc warrior.
The orc warrior is severely wounded.
The orc warrior barely misses you.
You barely miss the orc warrior.
The orc warrior is severely wounded.
You barely miss the orc warrior.
The orc warrior is severely wounded.
You closely miss the orc warrior.
The orc warrior is severely wounded.
The orc warrior hits you with a +0 glaive.
* * * LOW HITPOINT WARNING * * *
You puncture the orc warrior!
The orc warrior is almost dead.
You closely miss the orc warrior.
The orc warrior is almost dead.
The orc warrior misses you.
You hit the orc warrior.
The orc warrior is almost dead.
You hit the orc warrior but do no damage.
The orc warrior is almost dead.
The orc warrior hits you with a +0 glaive!
You die...
Your body crumbles into a pile of gold.

..####.### .._#.....#
..##.###.# ###############
.8##.###.# #.............# #
#.....##########.###########.#
#######..........##.# #.# #.#
#.....####.##.# #.# #.#
#.#.......o...# #.# #.#
#.....####@#### #.#
#.#####..#.## #.###########
#.# #........#.# #...........#
#.# ###.####.#.# ###########.#
#.# ##...###.#.# #.# #.#
#.....##.#.# #.####.#
(........#.# #.##...#
#.....####.### #.##.###
##.>.## #...# #....#


You could see an orc warrior.

Vanquished Creatures
  Grinder (D:3)
  A black bear (D:4)
  A centaur (D:5)
  A scorpion (D:5)
  A hound (D:4)
  A jelly (D:5)
  Jessica (D:3)
  2 iguanas
  5 orc wizards
  4 gnolls (D:4)
  11 adders
  An ufetubus (D:4)
  A worm (D:4)
  3 dart slugs
  10 orcs
  6 ball pythons
  12 endoplasms
  5 goblins
  7 hobgoblins
  6 jackals
  6 kobolds
  5 quokkas
  3 bats
  4 frilled lizards
  8 rats
106 creatures vanquished.

Vanquished Creatures (others)
  A plant (D:3)
1 creature vanquished.

Grand Total: 107 creatures vanquished

Notes
Turn   | Place    | Note
-------+----------+-------------------------------------------
     0 | D:1      | KennySheep the Barachi Earth Elementalist began the quest
                  | for the Orb.
     0 | D:1      | Reached XP level 1. HP: 13/13 MP: 3/3
   224 | D:1      | Reached XP level 2. HP: 19/19 MP: 3/5
   250 | D:1      | Learned a level 2 spell: Passwall
   661 | D:1      | Reached XP level 3. HP: 24/24 MP: 1/6
   961 | D:2      | Learned a level 3 spell: Stone Arrow
  1483 | D:2      | Reached skill level 4 in Earth Magic
  1577 | D:2      | Reached XP level 4. HP: 30/31 MP: 4/8
  1707 | D:2      | Reached skill level 1 in Fighting
  1974 | D:3      | Found a faded altar of an unknown god.
  1976 | D:3      | Noticed a shining eye
  1977 | D:3      | Noticed a floating eye
  1977 | D:3      | Noticed an eye of devastation
  1977 | D:3      | Noticed a great orb of eyes
  1983 | D:3      | Prayed at the altar of an unknown god.
  1983 | D:3      | Became a worshipper of Gozag Ym Sagoz the Greedy
  2041 | D:3      | Found a blossoming altar of Fedhas.
  2546 | D:3      | Reached XP level 5. HP: 38/38 MP: 7/9
  2643 | D:3      | Noticed Jessica
  2645 | D:3      | Killed Jessica
  2931 | D:3      | Noticed Grinder
  2965 | D:3      | Paralysed by Grinder for 2 turns
  2972 | D:3      | Killed Grinder
  2973 | D:3      | Reached skill level 5 in Earth Magic
  2973 | D:3      | Reached XP level 6. HP: 10/47 MP: 1/11
  3439 | D:4      | Found a glowing silver altar of Zin.
  3440 | D:4      | Noticed an angel
  3455 | D:4      | Identified the amulet "Ekadae Siomo" {Spirit rF+ Int+5
                  | Dex-2}
  3626 | D:4      | Reached XP level 7. HP: 52/52 MP: 13/13
  3641 | D:4      | Noticed a +0 spear
  3641 | D:4      | Noticed a +0 falchion
  3642 | D:4      | Noticed a +0 dagger
  3642 | D:4      | Noticed a +0 short sword
  3642 | D:4      | Noticed a +0 dagger
  3642 | D:4      | Noticed a +0 short sword
  3642 | D:4      | Noticed a +0 falchion
  3643 | D:4      | Noticed a +0 spear
  3660 | D:4      | Found a hide-covered altar of Uskayaw.
  3683 | D:4      | Found a burning altar of Makhleb.
  3683 | D:4      | Noticed a green death
  3687 | D:4      | Noticed a hellwing
  3687 | D:4      | Noticed a hellwing
  3717 | D:4      | Reached skill level 6 in Earth Magic
  3747 | D:4      | Found a staircase to the Ecumenical Temple.
  3769 | D:4      | Learned a level 2 spell: Blink
  3867 | D:4      | Found a shimmering altar of Xom.
  4336 | D:5      | Entered Level 5 of the Dungeon
  4464 | D:5      | Reached skill level 1 in Translocations
  4468 | D:5      | Identified the +5 robe of the Equator {rCorr}
  4612 | D:5      | Found a white marble altar of Elyvilon.
  4836 | D:5      | Reached XP level 8. HP: 30/61 MP: 6/15
  5081 | D:5      | Got the Papyrus of Transmutation
  5859 | D:5      | Slain by an orc warrior

Illustrated notes

Levels and vault maps discovered:
D:1:      tarquinn_simple_flora_water_e, layout_loops_ring, minivault_24
D:2:      minmay_chambers_of_twos, layout_basic
D:3:      kennysheep_big_flooded_room, layout_basic,
          mainiacjoe_overflow_alcove_4, hellmonk_ecumenical_altar_watching_god,
          serial_co_window_serial, co_window_paths_a,
          co_window_of_opportunity_a, co_window_paths_a, co_window_paths_b,
          co_window_corner_a, co_window_unsneaky_path_e, co_window_corner_b,
          co_window_broadway_a, glass_columns_a, glass_columns_c,
          glass_columns_b, glass_columns_b, serial_park_tiny_2,
          minmay_misc_feat_rows, saegor_snake_ambush, uniq_jessica, uniq_grinder
D:4:      layout_basic, brannock_xom_greatest_gift, nicolae_uskayaw_en_pointe,
          makhleb_altar_promises_db, zin_angel, temple_fountains
D:5:      layout_loops_ring, nicolae_overflow_hidden_temple
D:6:      layout_basic, lemuel_coloured_pillars_altar, uniq_pikel

Skill      XL: |  1  2  3  4  5  6  7  8 |
---------------+-------------------------+-----
Earth Magic    | 4 5 6 |  6.8
Fighting       | 1 3 4 |  4.6
Spellcasting   | 3 4 |  4.7
Translocations | 1 |  1.6
Transmutations | 2 |  2.2
Dodging        | |  2.3
Stealth        | |  1.7
Unarmed Combat | |  0.8

Action                   |  1- 3 |  4- 6 |  7- 9 || total
-------------------------+-------+-------+-------++-------
Melee: Dagger            |       |    18 |    52 ||    70
       Punch             |       |     1 |     1 ||     2
 Cast: Sandblast         |    53 |    55 |    56 ||   164
 Abil: Hop               |       |       |     1 ||     1
  Use: Potion            |       |     2 |     1 ||     3
       Scroll            |       |     1 |     4 ||     5
 Stab: Sleeping          |       |     1 |     1 ||     2
Armor: Leather armour    |     6 |    11 |    21 ||    38
       Robe              |       |       |     8 ||     8
Dodge: Dodged            |     8 |    38 |    44 ||    90

Table legend: (Time is in decaauts)
 A = Elapsed time spent in this place.
 B = Non-inter-level travel time spent in this place.
 C = Inter-level travel time spent in this place.
 D = Time resting spent in this place.
 E = Time spent auto-exploring this place.
 F = Levels seen in this place.
 G = Mean time per level.
                   A        B        C        D        E       F      G
               +--------+--------+--------+--------+--------+-----+--------+
         Total |   6610 |   6396 |    214 |    855 |   4717 |   6 | 1101.7 |
       Dungeon |   6610 |   6396 |    214 |    855 |   4717 |   6 | 1101.7 |
               +--------+--------+--------+--------+--------+-----+--------+

Top non-repeatable levels by time:
     D:5: 1615 daAuts
     D:3: 1543 daAuts
     D:4: 1170 daAuts
     D:2: 1163 daAuts
     D:1: 1080 daAuts
     D:6: 36 daAuts
